 Dungeon Crawl Stone Soup version 0.23.2-1-ga50397a6bc (webtiles) character file.

Game seed: 121808891597044299

119 Mrkan the Shooter (level 4, -2/38 HPs)
             Began as a Centaur Hunter on May 18, 2019.
             Splashed by a jelly's acid (10 damage)
             ... on level 2 of the Dungeon.
             The game lasted 00:03:18 (1947 turns).

Mrkan the Shooter (Centaur Hunter)                  Turns: 1947, Time: 00:03:19

Health: -2/38      AC:  0    Str: 16    XL:     4   Next: 73%
Magic:  4/4        EV:  9    Int: 10    God:
Gold:   64         SH:  0    Dex:  9    Spells: 3/3 levels left

rFire    . . .     SeeInvis .   e - +0 spear
rCold    . . .     Gourm    .   (no shield)
rNeg     . . .     Faith    .   c - +0 leather armour
rPois    .         Spirit   .   (no helmet)
rElec    .         Reflect  .   (no cloak)
rCorr    .         Harm     .   (no gloves)
MR       .....                  (no barding)
Stlth    +.........             (no amulet)
HPRegen  0.12/turn              (no ring)
MPRegen  0.09/turn              (no ring)

@: corroded, very quick
A: large, hooves 3, deformed body, speed 2, tough skin 3
a: no special abilities


You were on level 2 of the Dungeon.
You were very hungry.

You visited 1 branch of the dungeon, and saw 2 of its levels.

You collected 64 gold pieces.

Inventory:

Hand Weapons
 a - a +1 shortbow
 e - a +0 spear (weapon)
Missiles
 d - 11 arrows
Armour
 c - a +0 leather armour (worn)
 m - a +0 helmet
Jewellery
 b - a cursed ring of attention {unknown}
Scrolls
 g - a scroll of enchant weapon {unknown}
 h - 2 scrolls of identify {unknown}
 j - 2 scrolls of remove curse {unknown}
 n - a scroll of immolation {unknown}
Potions
 i - 2 potions of lignification {unknown}
 k - a potion of agility {unknown}
 l - a potion of might {unknown}
Comestibles
 f - 3 rations


   Skills:
 + Level 3.2 Fighting
 * Level 7.3 Bows
 - Level 1.3 Dodging
 - Level 0.4 Stealth


You had 3 spell levels left.
You didn't know any spells.
Your spell library was empty.

Dungeon Overview and Level Annotations

Branches:
Dungeon (2/15)

Altars:

Annotations:
D:2 1 runed translucent door, Crazy Yiuf


Innate Abilities, Weirdness & Mutations

You have hooves in place of feet.
Armour fits poorly on your strangely shaped body.
You cover ground very quickly.
You have extremely tough skin. (AC +3)


Message History

You kill the ooze!
The jelly jiggles.
You hit the ooze. You kick the ooze.
The ooze is almost dead.
The ooze closely misses you.
You barely miss the ooze. Your kick misses the ooze.
The ooze is almost dead.
The ooze closely misses you.
You hit the ooze. You kick the ooze.
You kill the ooze!
You puncture the jelly!
Your hands burn!
The jelly is heavily wounded.
The jelly hits you but does no damage.
You hit the jelly but do no damage. The acid corrodes you!
Your hands burn!
* * * LOW HITPOINT WARNING * * *
The jelly is heavily wounded.
The jelly hits you.
* * * LOW HITPOINT WARNING * * *
You are splashed with acid!
You die...

########## ####g
#.÷...P.P[ #..(.
#......÷P. #.##)
#.P.....P. #.##.##
#......... #####.##.g.
#÷J.P÷P...
#...#.##.(###
#.........
###.#.##.(..#
##'####### #....##.###
##..(J@.#####..#......#
########.##......##.###
#....'..#####.#.###.#
#....#### #.#.# #.##
#.......# #.#.# #..##
#.......# #[#.###...#
#.......# #.#.#.)...#
#.......# #)#.#.#.).#
##.....## #.#.#.##.##


You could see a jelly.

Vanquished Creatures
  Jessica (D:2)
  Robin (D:2)
  6 oozes (D:2)
  A worm (D:2)
  2 giant cockroaches
  9 goblins (D:2)
  6 hobgoblins
  4 jackals (D:1)
  A quokka (D:2)
  5 bats
  4 frilled lizards
  12 kobolds
  2 rats
54 creatures vanquished.

Vanquished Creatures (others)
  A fungus (D:2)
  7 toadstools (D:2)
8 creatures vanquished.

Grand Total: 62 creatures vanquished

Notes
Turn   | Place    | Note
-------+----------+-------------------------------------------
     0 | D:1      | Mrkan the Centaur Hunter began the quest for the Orb.
     0 | D:1      | Reached XP level 1. HP: 17/17 MP: 1/1
   325 | D:1      | Reached XP level 2. HP: 21/24 MP: 2/2
   837 | D:2      | Reached skill level 6 in Bows
   938 | D:2      | Found a runed translucent door.
   939 | D:2      | Noticed Crazy Yiuf
  1011 | D:2      | Reached XP level 3. HP: 6/30 MP: 3/3
  1204 | D:2      | Noticed Jessica
  1216 | D:2      | Killed Jessica
  1261 | D:2      | Noticed Robin
  1302 | D:2      | Reached XP level 4. HP: 12/37 MP: 4/4
  1308 | D:2      | Killed Robin
  1338 | D:2      | HP: 1/38 [poisoned by Robin]
  1731 | D:2      | Reached skill level 7 in Bows
  1947 | D:2      | Splashed by a jelly's acid

Skill      XL: |  1  2  3  4 |
---------------+-------------+-----
Bows           | 6 7 |  7.3
Fighting       | 3 |  3.2
Dodging        | |  1.3
Stealth        | |  0.4

Action                   |  1- 3 |  4- 6 || total
-------------------------+-------+-------++-------
Melee: Spear             |   113 |    68 ||   181
       Kick              |    19 |    18 ||    37
 Fire: Shortbow          |     9 |       ||     9
  Eat: Chunk             |       |     1 ||     1
Armor: Leather armour    |    68 |    23 ||    91
Dodge: Dodged            |    76 |    34 ||   110
